 Dungeon Crawl Stone Soup version 0.27-a0-988-g25969acef8 (webtiles) character file.

Game seed: 2427027994460067004

44 mightbedylan the Magician (level 3, -1/22 HPs)
             Began as an Octopode Hedge Wizard on Apr 16, 2021.
             Slain by a gnoll
             ... wielding a +0 spear
              (9 damage)
             ... on level 2 of the Dungeon.
             The game lasted 00:10:39 (1709 turns).

mightbedylan the Magician (Octopode Hedge Wizard)   Turns: 1709, Time: 00:10:45

Health: -1/22      AC:  1    Str:  9    XL:     3   Next: 62%
Magic:  2/7        EV: 13    Int: 17    God:
Gold:   143        SH:  0    Dex: 11    Spells: 7/8 levels left

rFire    . . .     SeeInvis .   d - +0 trident (venom)
rCold    . . .     Faith    .   (no shield)
rNeg     . . .     Spirit   .   b - +0 hat
rPois    .         Reflect  .   (no amulet)
rElec    .         Harm     .   (no ring)
rCorr    .         Rampage  .   (no ring)
Will     .....                  (no ring)
Stlth    +++.......             (no ring)
HPRegen  0.07/turn              (no ring)
MPRegen  0.10/turn              (no ring)
                                (no ring)
                                (no ring)

@: no status effects
A: almost no armour, amphibious, 8 rings, camouflage 1, gelatinous body 1,
(nimble swimmer 1), tentacles
a: no special abilities


You were on level 2 of the Dungeon.
You visited 1 branch of the dungeon, and saw 2 of its levels.

You collected 143 gold pieces.

Inventory:

Hand Weapons
 a - a +0 dagger
 d - a +0 trident of venom (weapon)
Armour
 b - a +0 hat (worn)
Scrolls
 c - a scroll of identify
Potions
 g - a potion of curing {unknown}


   Skills:
 + Level 0.6 Fighting
 + Level 0.3 Short Blades
 + Level 0.1 Polearms
 + Level 2.6 Dodging
 + Level 3.3 Stealth
 + Level 3.3 Spellcasting
 + Level 1.3 Conjurations
 + Level 1.0 Summonings
 + Level 1.0 Translocations


You had 7 spell levels left.
You knew the following spells:

 Your Spells              Type           Power      Damage    Failure   Level
a - Magic Dart            Conj           28%        1d4       10%         1

Your spell library contained the following spells:

 Spells                   Type           Power      Damage    Failure   Level
 Blink                    Tloc           N/A        N/A       17%         2
 Call Imp                 Summ           6%         N/A       17%         2
 Slow                     Hex            2%         N/A       26%         2
 Conjure Flame            Conj/Fire      5%         6-21      36%         3
 Mephitic Cloud           Conj/Pois/Air  4%         N/A       38%         3


Dungeon Overview and Level Annotations

Branches:
Dungeon (2/15)

Altars:


Innate Abilities, Weirdness & Mutations

You cannot wear most types of armour.
You are amphibious.
You can wear up to eight rings at the same time.
Your skin changes colour to match your surroundings (Stealth+).
Your rubbery body absorbs attacks. (AC +1, EV +1)
((You are camouflaged near water. (Stealth+)))
You have tentacles for arms and can constrict up to eight enemies at once.


Message History

You kill the bat!
Found an escape hatch in the floor.
You see here a bat corpse.
A rat comes into view.
The magic dart hits the rat.
You kill the rat!
A gnoll comes into view. It is wielding a +0 spear.
The magic dart hits the gnoll.
The gnoll is lightly wounded.
The gnoll shouts!
The magic dart hits the gnoll.
The gnoll is moderately wounded.
You miscast Magic Dart.
You are very lightly contaminated with residual magic.
Nothing appears to happen.
The magic dart hits the gnoll.
The gnoll is moderately wounded.
The magic dart hits the gnoll but does no damage.
The gnoll is moderately wounded.
The magic dart hits the gnoll.
The gnoll is heavily wounded.
The gnoll closely misses you.
A gnoll comes into view. It is wielding a +0 spear.
The gnoll barely misses you. The gnoll barely misses you.
Your magical contamination has completely faded away.
As you read the scroll labelled QAYSCH WUIHEDGH, it crumbles to dust.
It is a scroll of brand weapon.
Your +0 trident drips with poison.
d - a +0 trident of venom (weapon)
The gnoll hits you from afar with a +0 spear!
A gnoll comes into view. It is wielding a +0 club.
The gnoll hits you with a +0 spear.
You closely miss the gnoll.
The gnoll shouts!
Your grab misses the gnoll.
The gnoll is heavily wounded.
You hear a shout!
The gnoll hits you with a +0 spear!
You die...

..# #.. #.# #. #.#
#g# #.##.## #.#
#.#...####### #r#
#......#....g #.#
#......gg# #.#
#.....# #.# ##.g.##
##.# ##@## ...# ##
#...## ####
..##.###.########.#
# ... #...>...##.#
#
###.###†####...#.#
### #
##...###........
..# # ##.##
#.#...#.# #.# #
##.## #.##.##.# #.#
# #.#...###.##.##.#
#.#


You could see 3 gnolls.

Vanquished Creatures
  A dart slug (D:2)
  4 endoplasms
  5 giant cockroaches
  3 hobgoblins
  A quokka (D:1)
  3 ball pythons (D:1)
  5 bats
  5 frilled lizards
  4 goblins (D:1)
  5 kobolds
  3 rats
39 creatures vanquished.

Vanquished Creatures (others)
  A fungus (D:1)
  2 toadstools (D:1)
3 creatures vanquished.

Grand Total: 42 creatures vanquished

Notes
Turn   | Place    | Note
-------+----------+-------------------------------------------
     0 | D:1      | mightbedylan the Octopode Hedge Wizard began the quest for
                  | the Orb.
     0 | D:1      | Reached XP level 1. HP: 11/11 MP: 4/4
   133 | D:1      | Reached XP level 2. HP: 17/17 MP: 6/6
  1130 | D:1      | Reached XP level 3. HP: 17/21 MP: 7/7
  1709 | D:2      | Slain by a gnoll

Illustrated notes

Levels and vault maps discovered:
D:1:      pf_arrival_petrified_forest, layout_basic, minmay_gold_behind_fungi,
          chequers_serial_rivers_micro_e, chequers_serial_rivers_small_3,
          minmay_pentomino_u4
D:2:      layout_loops_ring

Skill      XL: |  1  2 |
---------------+-------+-----
Stealth        | 3 |  3.3
Fighting       | |  0.6
Short Blades   | |  0.3
Polearms       | |  0.1
Dodging        | |  2.6
Spellcasting   | |  3.3
Conjurations   | |  1.3
Summonings     | |  1.0
Translocations | |  1.0

Action                   || total
-------------------------++-------
Melee: Dagger            ||    55
       Constrict         ||    19
       Tentacles         ||    14
       Trident           ||    23
 Cast: Magic Dart        ||    39
  Use: Scroll            ||     4
 Stab: Sleeping          ||     2
Armor: Skin              ||     9
Dodge: Dodged            ||    54

Table legend: (Time is in decaauts)
 A = Elapsed time spent in this place.
 B = Non-inter-level travel time spent in this place.
 C = Inter-level travel time spent in this place.
 D = Time resting spent in this place.
 E = Time spent auto-exploring this place.
 F = Levels seen in this place.
 G = Mean time per level.
                   A        B        C        D        E       F      G
               +--------+--------+--------+--------+--------+-----+--------+
         Total |   1714 |   1700 |     14 |      2 |   1130 |   2 |  857.0 |
       Dungeon |   1714 |   1700 |     14 |      2 |   1130 |   2 |  857.0 |
               +--------+--------+--------+--------+--------+-----+--------+

Top non-repeatable levels by time:
     D:1: 1321 daAuts
     D:2: 393 daAuts
